AoeStats
← Nopec

Black Forest

506472234Analyzed
4v4 RM · 19d ago on Sep 13, 2026· 83m 12s· 8 players
Game mode
Random Map
Map size
Large (8 player)
Population
200
Speed
Normal
Resources
Standard
Victory
Conquest
Starting age
Dark Age
Ending age
Imperial Age
RankedLock teamsTeams togetherTeam positionsShared explorationLock speedFull tech treeHidden civsTurbo modeCheats
Victory
Defeat
🇧🇪 Mapuche · Belgium
868
+9
🇫🇷 Persians · France
816
+11
🇩🇪 Aztecs · Germany
800
+12
🇫🇷 Goths · France
798
+26
🇬🇧 Celts · United Kingdom
797
-14
🇹🇷 Wu · Türkiye
718
-11
🇹🇷 Japanese · Türkiye
705
-11
🇪🇸 Turks · Spain
633
-8
Ramizpaşa
0:48 Loom
12:38 Feudal Age
13:13 Double-Bit Axe
13:33 Horse Collar
21:33 Castle Age
20:03 Fletching
20:26 Forging
21:08 Stone Mining
22:52 Bodkin Arrow
26:28 Gold Mining
27:23 Bow Saw
28:48 Heavy Plow
31:27 Gold Shaft Mining
33:01 Stone Shaft Mining
33:05 Caravan
33:35 Coinage
37:45 Imperial Age
36:31 Wheelbarrow
35:42 Town Watch
36:03 Husbandry
36:08 Padded Archer Armor
36:11 Scale Mail Armor
37:19 Iron Casting
37:41 Hand Cart
38:03 Leather Archer Armor
37:54 Scale Barding Armor
38:52 Conscription
38:34 Sitting Tiger
38:55 Town Patrol
40:28 Two-Man Saw
40:27 Banking
40:08 Guilds
41:10 Bracer
42:11 Blast Furnace
41:27 Chain Mail Armor
42:20 Chain Barding Armor
43:04 Chemistry
42:25 Ballistics
42:37 Elite Fire Archer
43:35 Red Cliffs Tactics
44:52 Heated Shot
44:42 Treadmill Crane
44:58 Murder Holes
45:39 Plate Mail Armor
47:28 Pikeman
48:09 Squires
47:56 Arson
47:35 Heavy Hei Guang Cavalry
49:30 Halberdier
Bummo
0:31 Loom
12:04 Feudal Age
12:36 Double-Bit Axe
15:02 Horse Collar
16:08 Fletching
19:19 Wheelbarrow
24:45 Castle Age
23:28 Gold Mining
23:53 Forging
23:53 Stone Mining
23:51 Arson
24:13 Scale Mail Armor
27:07 Bow Saw
27:47 Fortified Wall
27:19 Pikeman
28:32 Masonry
31:07 Gambesons
31:39 Chain Mail Armor
32:00 Iron Casting
32:05 Gold Shaft Mining
31:33 Heavy Plow
31:54 Hand Cart
37:10 Imperial Age
34:54 Treadmill Crane
35:07 Town Watch
36:34 Murder Holes
36:37 Bodkin Arrow
38:06 Siege Engineers
38:08 Caravan
37:48 Halberdier
39:23 Onager
40:49 Town Patrol
46:20 Plate Mail Armor
46:51 Blast Furnace
48:35 Elite Woad Raider
49:37 Conscription
49:24 Siege Onager
53:27 Chemistry
Genovese
3:33 Loom
10:43 Feudal Age
12:20 Wheelbarrow
11:38 Double-Bit Axe
14:21 Horse Collar
22:30 Castle Age
21:09 Man-at-Arms
22:46 Long Swordsman
23:23 Gambesons
23:38 Squires
23:53 Forging
24:31 Bow Saw
25:51 Hand Cart
25:22 Town Watch
27:17 Iron Casting
26:43 Scale Mail Armor
27:43 Heavy Plow
30:14 Town Patrol
31:01 Ballistics
32:21 Chain Mail Armor
38:01 Imperial Age
39:13 Elite Samurai
41:04 Chemistry
39:45 Treadmill Crane
42:26 Blast Furnace
46:00 Yasama
46:21 Kataparuto
46:21 Conscription
46:37 Hoardings
49:06 Two-Man Saw
52:20 Plate Mail Armor
51:41 Fletching
51:52 Padded Archer Armor
51:57 Scale Barding Armor
53:15 Heavy Scorpion
56:34 Bodkin Arrow
56:54 Leather Archer Armor
57:00 Chain Barding Armor
57:56 Arrowslits
58:02 Guard Tower
58:22 Masonry
60:18 Bracer
60:49 Ring Archer Armor
62:38 Onager
63:45 Gold Mining
63:45 Stone Mining
66:45 Pikeman
PerkyCake117159
0:38 Loom
14:13 Feudal Age
16:25 Wheelbarrow
16:13 Man-at-Arms
25:03 Castle Age
25:57 Caravan
26:27 Coinage
38:47 Imperial Age
36:14 Gold Mining
36:15 Stone Mining
36:41 Double-Bit Axe
40:46 Conscription
41:33 Artillery
52:33 Heavy Camel Rider
Gotagatv59220
5:53 Loom
14:48 Feudal Age
15:14 Double-Bit Axe
15:31 Gold Mining
15:33 Stone Mining
17:49 Horse Collar
18:14 Man-at-Arms
21:42 Scale Mail Armor
21:53 Forging
26:54 Fletching
31:12 Padded Archer Armor
32:35 Town Watch
40:04 Castle Age
45:43 Castle Age
49:03 Heavy Plow
49:22 Bow Saw
57:33 Wheelbarrow
56:59 Town Patrol
60:46 Squires
61:41 Stone Shaft Mining
63:40 Hand Cart
65:23 Iron Casting
65:36 Chain Mail Armor
65:32 Anarchy
69:27 Imperial Age
73:15 Blast Furnace
72:23 Scale Barding Armor
74:12 Crop Rotation
EnKAa26
8:33 Loom
11:40 Feudal Age
13:02 Double-Bit Axe
15:54 Wheelbarrow
15:09 Town Watch
15:21 Horse Collar
20:57 Castle Age
20:33 Stone Mining
22:40 Forging
28:30 Fletching
30:40 Heavy Plow
31:30 Padded Archer Armor
33:28 Bodkin Arrow
34:09 Gold Mining
39:03 Imperial Age
37:41 Iron Casting
37:29 Malon
40:33 Butalmapu
40:50 Conscription
43:13 Hand Cart
42:59 Town Patrol
45:24 Leather Archer Armor
48:13 Bow Saw
48:34 Crop Rotation
48:40 Ring Archer Armor
49:08 Elite Kona
53:49 Hoardings
54:54 Stone Shaft Mining
54:54 Gold Shaft Mining
63:06 Caravan
66:22 Chemistry
65:43 Ballistics
66:29 Blast Furnace
Soldat_Ultime0
1:38 Loom
13:18 Feudal Age
17:52 Castle Age
15:54 Horse Collar
17:06 Double-Bit Axe
18:45 Wheelbarrow
20:13 Heavy Plow
21:34 Bow Saw
22:00 Scale Barding Armor
23:19 Hand Cart
25:23 Stone Mining
27:23 Chain Barding Armor
29:01 Kamandaran
30:22 Fletching
30:34 Padded Archer Armor
33:33 Thumb Ring
32:49 Crossbowman
35:15 Gold Mining
37:00 Ballistics
37:39 Gold Shaft Mining
40:50 Imperial Age
38:25 Bodkin Arrow
38:10 Light Cavalry
38:51 Husbandry
38:53 Murder Holes
40:16 Town Watch
40:11 Elite Skirmisher
41:03 Elite War Elephant
42:07 Citadels
42:33 Hoardings
42:19 Conscription
43:26 Two-Man Saw
43:07 Crop Rotation
43:00 Leather Archer Armor
43:10 Bloodlines
44:34 Chemistry
46:37 Forging
47:29 Plate Barding Armor
49:26 Ring Archer Armor
49:34 Iron Casting
79:17 Blast Furnace
78:18 Scale Mail Armor
81:55 Masonry
81:37 Heated Shot
81:19 Sappers
81:18 Hussar
81:22 Cavalier
Nopec
1:30 Loom
16:01 Feudal Age
17:13 Double-Bit Axe
17:09 Horse Collar
20:07 Wheelbarrow
21:59 Stone Mining
26:53 Castle Age
25:14 Gold Mining
26:04 Arson
26:23 Scale Mail Armor
26:33 Forging
30:42 Heavy Plow
32:45 Town Watch
33:16 Hand Cart
33:24 Fletching
35:22 Bow Saw
38:26 Imperial Age
37:07 Ballistics
37:48 Chain Mail Armor
38:08 Iron Casting
39:48 Garland Wars
39:49 Conscription
42:21 Elite Jaguar Warrior
43:42 Caravan
43:50 Siege Engineers
44:49 Plate Mail Armor
46:10 Murder Holes
47:14 Eagle Warrior
47:55 Squires
49:03 Blast Furnace
49:23 Chemistry
48:29 Siege Engineers
48:34 Elite Eagle Warrior
59:37 Onager
63:25 Fortified Wall
70:49 Crop Rotation
73:35 Gold Shaft Mining
Connection lost

Rejoining the realm…

Still unreachable

The connection could not be restored.

Session expired

The server has moved on; the page needs a fresh start.